Capitals vs Panthers
Created - December 18, 2024 at 19:56
Goals
|
| Capitals |
0 |
3 |
1 |
4 |
| Panthers |
0 |
1 |
0 |
1 |
|
Shots
|
| Capitals |
3 |
13 |
15 |
31 |
| Panthers |
6 |
15 |
3 |
24 |
|
1st period
No Goal
Penalties :
Taylor Hall (Was) for Tripping (Minor) at 0:12, Alexei Marchenko (Was) for Tripping (Minor) at 12:47, Aleksander Barkov (Flo) for Holding (Minor) at 16:50
2nd period
1. Capitals , Marko Dano 7 (Bobby Ryan 6, Cody Hodgson 4) at 5:15 (PP)
2. Capitals , Alexei Marchenko 2 (Cody Hodgson 5, Blake Pietila 9) at 9:48
3. Panthers , Aleksander Barkov 6 (Drake Batherson 11, Pavel Buchnevich 5) at 10:43
4. Capitals , Marko Dano 8 (Joe Colborne 8, Bobby Ryan 7) at 11:57
Penalties :
Bobby Ryan (Was) for Roughing (Minor) at 2:00, Derick Brassard (Flo) for High sticking (Minor) at 5:02, Niklas Hansson (Flo) for Tripping (Minor) at 12:57, Kris Versteeg (Flo) for High sticking (Minor) at 17:39
3rd period
5. Capitals , Blake Pietila 7 (Nicolas Aube-Kubel 5, Phil Kessel 3) at 14:22
Penalties :
Bobby Ryan (Was) for Interference (Minor) at 0:40, Drake Batherson (Flo) for Roughing (Minor) at 19:07
Goalie Stats
Cory Schneider (Was), 23 saves from 24 shots - (0.958), W, 10-9-2, 60:00 minutes
Ville Husso (Flo), 27 saves from 31 shots - (0.871), L, 8-10-2, 60:00 minutes
Players Stats for Capitals
Player Name G A P +/- PIM S H SB GA TA FO MP PP MP PK MP
------------------------------------------------------------------------------------
Alexei Marchenko 1 0 1 2 2 3 2 3 0 3 0/0 26:16 5:27 3:34
Blake Pietila 1 1 2 2 0 1 1 1 0 0 0/0 12:26 0:00 1:47
Bobby Ryan 0 2 2 1 4 2 2 1 0 0 1/1 15:12 3:05 0:00
Brandon Burlon 0 0 0 1 0 0 0 0 0 0 0/0 12:55 0:08 1:34
Brandon Gormley 0 0 0 2 0 5 2 2 0 1 0/0 27:29 5:27 5:08
Cody Hodgson 0 2 2 2 0 1 1 0 0 0 1/5 14:41 3:05 0:57
Colten Teubert 0 0 0 1 0 1 1 0 0 0 0/0 11:20 0:07 0:00
Jeff Skinner 0 0 0 0 0 1 2 0 1 0 0/0 7:58 0:00 0:11
Joe Colborne 0 1 1 1 0 0 1 0 0 0 4/8 11:22 0:00 0:00
Marko Dano 2 0 2 1 0 5 2 0 2 0 0/1 17:31 3:05 2:26
Mike Green 0 0 0 -1 0 1 1 1 0 0 0/0 21:11 1:28 2:48
Nicklas Backstrom 0 0 0 -1 0 2 0 0 0 1 20/32 21:35 3:57 2:26
Nicolas Aube-Kubel 0 1 1 2 0 1 0 1 0 1 0/0 10:06 0:00 0:00
Patrick Kane 0 0 0 -1 0 4 2 1 0 0 6/8 23:08 3:57 4:33
Phil Kessel 0 1 1 0 0 1 0 0 0 1 0/0 7:47 0:00 0:00
Sergey Kalinin 0 0 0 0 0 1 1 0 0 0 2/3 7:47 0:00 0:00
Shea Theodore 0 0 0 -1 0 0 0 1 0 2 0/0 21:10 1:27 2:48
Taylor Hall 0 0 0 -1 2 2 1 0 1 0 0/0 22:06 3:57 3:32
Players Stats for Panthers
Player Name G A P +/- PIM S H SB GA TA FO MP PP MP PK MP
------------------------------------------------------------------------------------
Aleksander Barkov 1 0 1 0 2 3 0 1 0 0 4/10 9:49 2:56 0:13
Alex Pietrangelo 0 0 0 -1 0 2 3 2 0 1 0/0 24:45 4:40 0:39
Danny DeKeiser 0 0 0 0 0 1 3 2 1 0 0/0 20:30 3:16 2:21
Derick Brassard 0 0 0 -1 2 0 1 2 0 0 0/1 20:29 4:02 2:04
Dmitrij Jaskin 0 0 0 0 0 1 1 0 0 0 0/0 7:20 0:06 0:00
Dominik Kahun 0 0 0 0 0 0 1 0 0 0 0/1 12:37 0:53 2:51
Drake Batherson 0 1 1 0 2 2 0 0 2 1 0/1 16:39 3:51 0:00
Griffin Reinhart 0 0 0 0 0 1 0 0 0 1 0/0 18:48 3:16 0:00
Jimmy Vesey 0 0 0 -1 0 2 1 0 0 1 0/1 11:37 0:02 0:58
Kris Versteeg 0 0 0 -1 2 1 3 1 0 0 0/2 14:14 0:00 3:40
Ladislav Smid 0 0 0 -1 0 0 2 2 1 0 0/0 15:42 0:00 4:41
Matt Duchene 0 0 0 -1 0 5 5 0 3 0 14/28 20:40 4:07 0:22
Miro Aaltonen 0 0 0 -1 0 3 0 0 1 0 4/8 14:09 0:00 3:36
Nikita Kucherov 0 0 0 -1 0 2 2 1 1 0 2/6 20:33 3:59 0:00
Niklas Hansson 0 0 0 -1 2 1 1 1 0 0 0/0 27:16 4:40 3:21
Pavel Buchnevich 0 1 1 0 0 0 1 0 0 0 0/0 16:50 3:52 0:09
Radim Simek 0 0 0 -1 0 0 1 0 0 0 0/0 13:36 0:00 3:02
Zac Rinaldo 0 0 0 0 0 0 0 1 0 0 0/0 7:19 0:00 0:11
3 Stars
1 - Marko Dano (Was)
2 - Blake Pietila (Was)
3 - Cody Hodgson (Was)
Power Play
Capitals - 1 on 5 Attempt(s) - 20.00%
Panthers - 0 on 4 Attempt(s) - 0.00%
Penalty Kill
Capitals - 4 on 4 Attempt(s) - 100.00%
- Score 0 goal in Penalty Kill
Panthers - 4 on 5 Attempt(s) - 80.00%
- Score 0 goal in Penalty Kill
Team Stat
Capitals - Hits : 19 - Faceoff Wins : 34 - Blocked Shots : 11 - Penalty Minutes : 8
Panthers - Hits : 25 - Faceoff Wins : 24 - Blocked Shots : 13 - Penalty Minutes : 10
Official
Referees : Justin St. Pierre and Ian Walsh
Linesman : Kiel Murchison and Ryan Galloway
Game Notes
Aleksander Barkov is injured at 12:30 of 2nd period (Left Knee)
Finance
Level 1 -- Attendance: 5473 (91.22%) -- Ticket Income $547,300
Level 2 -- Attendance: 4679 (93.58%) -- Ticket Income $327,530
Level 3 -- Attendance: 1911 (95.55%) -- Ticket Income $76,440
Level 4 -- Attendance: 3809 (95.23%) -- Ticket Income $114,270
Luxury Box -- Attendance: 978 (97.80%) -- Ticket Income $195,600
Game was played at the BBT Center.
Total Attendance: 16850 (93.61%)
Total Ticket Income: $1,261,140
Other Income: $189,171
Total Income: $1,450,311
Capitals
5 vs 5 Forward
Center Left Wing Right Wing Time % Phy DF OF
1 Nicklas Backstrom Taylor Hall Patrick Kane 40 0 1 4
2 Joe Colborne Marko Dano Bobby Ryan 30 0 1 4
3 Cody Hodgson Blake Pietila Nicolas Aube-Kubel 20 0 1 4
4 Sergey Kalinin Jeff Skinner Phil Kessel 10 0 2 3
5 vs 5 Defense
Defense Defense Time % Phy DF OF
1 Brandon Gormley Alexei Marchenko 40 0 3 2
2 Mike Green Shea Theodore 30 0 3 2
3 Colten Teubert Brandon Burlon 20 0 3 2
4 Brandon Gormley Alexei Marchenko 10 0 3 2
PowerPlay Forward
Center Left Wing Right Wing Time % Phy DF OF
1 Nicklas Backstrom Taylor Hall Patrick Kane 60 0 0 5
2 Cody Hodgson Marko Dano Bobby Ryan 40 0 0 5
PowerPlay Defense
Defense Defense Time % Phy DF OF
1 Brandon Gormley Alexei Marchenko 60 0 2 3
2 Mike Green Shea Theodore 40 0 2 3
Penalty Kill 4 Players Forward
Center Wing Time % Phy DF OF
1 Patrick Kane Taylor Hall 60 0 4 1
2 Nicklas Backstrom Marko Dano 40 0 4 1
Penalty Kill 4 Players Defense
Defense Defense Time % Phy DF OF
1 Brandon Gormley Alexei Marchenko 60 0 4 1
2 Mike Green Shea Theodore 40 0 4 1
Penalty Kill - 3 Players Forward
Forward Time % Phy DF OF
1 Patrick Kane 60 0 5 0
2 Taylor Hall 40 0 5 0
Penalty Kill - 3 Players Defense
Defense Defense Time % Phy DF OF
1 Brandon Gormley Alexei Marchenko 60 0 5 0
2 Mike Green Shea Theodore 40 0 5 0
4 vs 4 Forward
Center Wing Time % Phy DF OF
1 Patrick Kane Taylor Hall 60 0 1 4
2 Nicklas Backstrom Marko Dano 40 0 1 4
4 vs 4 Defense
Defense Defense Time % Phy DF OF
1 Brandon Gormley Alexei Marchenko 60 0 3 2
2 Mike Green Shea Theodore 40 0 3 2
Last Minutes Offensive
Center Left Wing Right Wing Defense Defense
Nicklas Backstrom Taylor Hall Patrick Kane Brandon Gormley Alexei Marchenko
Last Minutes Defensive
Center Left Wing Right Wing Defense Defense
Nicklas Backstrom Taylor Hall Patrick Kane Brandon Gormley Alexei Marchenko
Goaltenders
Starting : Cory Schneider
Backup : Chet Pickard
Extra Forwards
Normal : Taylor Hall, Patrick Kane, Marko Dano - PP : Taylor Hall, Patrick Kane - PK : Patrick Kane
Extra Defensemen
Normal : Brandon Gormley, Shea Theodore, Alexei Marchenko - PP : Shea Theodore - PK : Alexei Marchenko, Brandon Gormley
Penalty Shots
Patrick Kane, Taylor Hall, Nicklas Backstrom, Marko Dano, Jeff Skinner
Custom OT Lines Forwards
Patrick Kane, Taylor Hall, Nicklas Backstrom, Marko Dano, Jeff Skinner, Cody Hodgson, Blake Pietila, Bobby Ryan, Joe Colborne, Nicolas Aube-Kubel
Custom OT Lines Defensemen
Brandon Gormley, Alexei Marchenko, Mike Green, Shea Theodore, Colten Teubert
Scratches
None
Panthers
5 vs 5 Forward
Center Left Wing Right Wing Time % Phy DF OF
1 Matt Duchene Derick Brassard Nikita Kucherov 40 0 2 3
2 Aleksander Barkov Pavel Buchnevich Drake Batherson 30 0 2 3
3 Miro Aaltonen Jimmy Vesey Kris Versteeg 20 1 2 2
4 Dominik Kahun Zac Rinaldo Dmitrij Jaskin 10 1 2 2
5 vs 5 Defense
Defense Defense Time % Phy DF OF
1 Alex Pietrangelo Niklas Hansson 40 0 2 3
2 Danny DeKeiser Griffin Reinhart 30 0 2 3
3 Ladislav Smid Radim Simek 20 1 2 2
4 Alex Pietrangelo Niklas Hansson 10 0 2 3
PowerPlay Forward
Center Left Wing Right Wing Time % Phy DF OF
1 Matt Duchene Derick Brassard Nikita Kucherov 60 0 1 4
2 Aleksander Barkov Pavel Buchnevich Drake Batherson 40 0 1 4
PowerPlay Defense
Defense Defense Time % Phy DF OF
1 Alex Pietrangelo Niklas Hansson 60 0 2 3
2 Danny DeKeiser Griffin Reinhart 40 0 2 3
Penalty Kill 4 Players Forward
Center Wing Time % Phy DF OF
1 Aleksander Barkov Kris Versteeg 60 1 3 1
2 Miro Aaltonen Zac Rinaldo 40 1 3 1
Penalty Kill 4 Players Defense
Defense Defense Time % Phy DF OF
1 Ladislav Smid Niklas Hansson 60 1 4 0
2 Danny DeKeiser Radim Simek 40 1 4 0
Penalty Kill - 3 Players Forward
Forward Time % Phy DF OF
1 Kris Versteeg 60 1 3 1
2 Aleksander Barkov 40 1 3 1
Penalty Kill - 3 Players Defense
Defense Defense Time % Phy DF OF
1 Ladislav Smid Niklas Hansson 60 1 3 1
2 Danny DeKeiser Radim Simek 40 1 3 1
4 vs 4 Forward
Center Wing Time % Phy DF OF
1 Matt Duchene Nikita Kucherov 60 0 2 3
2 Aleksander Barkov Pavel Buchnevich 40 1 2 2
4 vs 4 Defense
Defense Defense Time % Phy DF OF
1 Alex Pietrangelo Niklas Hansson 60 1 2 2
2 Danny DeKeiser Griffin Reinhart 40 1 2 2
Last Minutes Offensive
Center Left Wing Right Wing Defense Defense
Matt Duchene Pavel Buchnevich Nikita Kucherov Alex Pietrangelo Griffin Reinhart
Last Minutes Defensive
Center Left Wing Right Wing Defense Defense
Aleksander Barkov Zac Rinaldo Kris Versteeg Danny DeKeiser Niklas Hansson
Goaltenders
Starting : Ville Husso
Backup : Brandon Halverson
Extra Forwards
Normal : Aleksander Barkov, Nikita Kucherov, Matt Duchene - PP : Drake Batherson, Matt Duchene - PK : Miro Aaltonen
Extra Defensemen
Normal : Radim Simek, Alex Pietrangelo, Niklas Hansson - PP : Alex Pietrangelo - PK : Radim Simek, Niklas Hansson
Penalty Shots
Drake Batherson, Nikita Kucherov, Pavel Buchnevich, Matt Duchene, Aleksander Barkov
Custom OT Lines Forwards
Matt Duchene, Nikita Kucherov, Aleksander Barkov, Drake Batherson, Pavel Buchnevich, Zac Rinaldo, Miro Aaltonen, Derick Brassard, Jimmy Vesey, Kris Versteeg
Custom OT Lines Defensemen
Alex Pietrangelo, Danny DeKeiser, Niklas Hansson, Griffin Reinhart, Ladislav Smid
Scratches
Nikolay Goldobin (Torn Left Knee Ligaments Injury)
% Time on Ice - Capitals
Lines # - Real PCT - Wanted PCT - Time Play
Normal Forward
1 - 34% - 40% - 15:09
2 - 27% - 30% - 12:00
3 - 22% - 20% - 10:06
4 - 17% - 10% - 7:47
Normal Defense
1 - 37% - 40% - 16:35
2 - 38% - 30% - 16:55
3 - 25% - 20% - 11:13
4 - 1% - 10% - 0:19
PP Forward
1 - 56% - 60% - 3:57
2 - 44% - 40% - 3:05
PP Defense
1 - 79% - 60% - 5:34
2 - 21% - 40% - 1:28
PK Forward
1 - 69% - 60% - 5:30
2 - 31% - 40% - 2:26
PK Defense
1 - 65% - 60% - 5:08
2 - 35% - 40% - 2:48
PK3 Forward
1 - 0% - 60%
2 - 0% - 40%
PK3 Defense
1 - 0% - 60%
2 - 0% - 40%
44 Forward
1 - 0% - 60%
2 - 0% - 40%
44 Defense
1 - 0% - 60%
2 - 0% - 40%
Last Minute Offensive - 0:00
Last Minute Defensive - 0:00
Total
Forward - 60:00
Defense - 60:00
|
% Time on Ice - Panthers
Lines # - Real PCT - Wanted PCT - Time Play
Normal Forward
1 - 33% - 40% - 14:43
2 - 29% - 30% - 12:55
3 - 23% - 20% - 10:16
4 - 16% - 10% - 7:08
Normal Defense
1 - 40% - 40% - 17:54
2 - 34% - 30% - 15:32
3 - 23% - 20% - 10:33
4 - 2% - 10% - 1:03
PP Forward
1 - 50% - 60% - 3:59
2 - 50% - 40% - 3:57
PP Defense
1 - 59% - 60% - 4:40
2 - 41% - 40% - 3:16
PK Forward
1 - 97% - 60% - 6:51
2 - 3% - 40% - 0:11
PK Defense
1 - 76% - 60% - 5:20
2 - 24% - 40% - 1:42
PK3 Forward
1 - 0% - 60%
2 - 0% - 40%
PK3 Defense
1 - 0% - 60%
2 - 0% - 40%
44 Forward
1 - 0% - 60%
2 - 0% - 40%
44 Defense
1 - 0% - 60%
2 - 0% - 40%
Last Minute Offensive - 0:00
Last Minute Defensive - 0:00
Total
Forward - 60:00
Defense - 60:00
|
Play-by-Play
1st period
0:01 of 1st period - Matt Duchene wins face-off versus Nicklas Backstrom in neutral zone.
0:08 of 1st period - Snap shot by Nikita Kucherov.
0:08 of 1st period - Stopped by Cory Schneider without a rebound.
0:09 of 1st period - Nicklas Backstrom wins face-off versus Matt Duchene in Capitals zone.
0:09 of 1st period - Nicklas Backstrom is hit by Niklas Hansson.
0:12 of 1st period - Minor Penalty to Taylor Hall for Tripping.
0:13 of 1st period - Patrick Kane wins face-off versus Matt Duchene in Capitals zone.
0:53 of 1st period - Pavel Buchnevich is hit by Brandon Gormley and loses puck.
1:16 of 1st period - Matt Duchene is hit by Patrick Kane and loses puck.
2:12 of 1st period - Penalty to Taylor Hall is over, Taylor Hall is back on ice.
4:01 of 1st period - Icing by Niklas Hansson.
4:02 of 1st period - Sergey Kalinin wins face-off versus Matt Duchene in Panthers zone.
6:03 of 1st period - Snap shot by Taylor Hall.
6:03 of 1st period - Stopped by Ville Husso with a rebound.
6:20 of 1st period - Alexei Marchenko is hit by Danny DeKeiser.
6:24 of 1st period - Alexei Marchenko is hit by Pavel Buchnevich and loses puck.
6:35 of 1st period - Wrist shot by Aleksander Barkov.
6:35 of 1st period - Stopped by Cory Schneider without a rebound.
6:36 of 1st period - Nicklas Backstrom wins face-off versus Matt Duchene in Capitals zone.
6:47 of 1st period - Patrick Kane is hit by Matt Duchene and loses puck.
7:07 of 1st period - Icing by Kris Versteeg.
7:08 of 1st period - Joe Colborne wins face-off versus Miro Aaltonen in Panthers zone.
7:09 of 1st period - Wrist shot by Marko Dano.
7:09 of 1st period - Shot Blocked by Danny DeKeiser.
7:29 of 1st period - Slapshot by Kris Versteeg.
7:29 of 1st period - Shot Blocked by Bobby Ryan.
7:37 of 1st period - Wrist shot by Kris Versteeg.
7:37 of 1st period - Shot Misses the Net.
8:10 of 1st period - Snap shot by Miro Aaltonen.
8:10 of 1st period - Stopped by Cory Schneider without a rebound.
8:11 of 1st period - Matt Duchene wins face-off versus Nicklas Backstrom in Capitals zone.
9:09 of 1st period - Slapshot by Alex Pietrangelo.
9:09 of 1st period - Stopped by Cory Schneider without a rebound.
9:10 of 1st period - Nicklas Backstrom wins face-off versus Matt Duchene in Capitals zone.
9:37 of 1st period - Drake Batherson is hit by Alexei Marchenko and loses puck.
10:02 of 1st period - Slapshot by Alex Pietrangelo.
10:02 of 1st period - Deflect By Zac Rinaldo.
10:02 of 1st period - Shot Misses the Net.
10:02 of 1st period - Puck is out of play.
10:03 of 1st period - Nicklas Backstrom wins face-off versus Dominik Kahun in Capitals zone.
10:03 of 1st period - Nicklas Backstrom is hit by Dmitrij Jaskin.
10:33 of 1st period - Alexei Marchenko is hit by Matt Duchene.
11:00 of 1st period - Off-side.
11:01 of 1st period - Nicklas Backstrom wins face-off versus Aleksander Barkov in neutral zone.
11:28 of 1st period - Derick Brassard is hit by Joe Colborne and loses puck.
12:34 of 1st period - Off-side.
12:35 of 1st period - Matt Duchene wins face-off versus Cody Hodgson in neutral zone.
12:38 of 1st period - Slapshot by Alex Pietrangelo.
12:38 of 1st period - Shot Blocked by Blake Pietila.
12:47 of 1st period - Minor Penalty to Alexei Marchenko for Tripping.
12:48 of 1st period - Matt Duchene wins face-off versus Patrick Kane in Capitals zone.
12:58 of 1st period - Snap shot by Matt Duchene.
12:58 of 1st period - Shot Misses the Net.
13:00 of 1st period - Snap shot by Alex Pietrangelo.
13:00 of 1st period - Shot Misses the Net.
13:02 of 1st period - Wrist shot by Derick Brassard.
13:02 of 1st period - Shot Blocked by Patrick Kane.
13:04 of 1st period - Slapshot by Niklas Hansson.
13:04 of 1st period - Deflect By Patrick Kane.
13:04 of 1st period - Stopped by Cory Schneider without a rebound.
13:05 of 1st period - Patrick Kane wins face-off versus Matt Duchene in Capitals zone.
13:36 of 1st period - Snap shot by Aleksander Barkov.
13:36 of 1st period - Stopped by Cory Schneider with a rebound.
13:38 of 1st period - Snap shot by Pavel Buchnevich.
13:38 of 1st period - Shot Blocked by Brandon Gormley.
14:47 of 1st period - Penalty to Alexei Marchenko is over, Alexei Marchenko is back on ice.
15:00 of 1st period - Slapshot by Miro Aaltonen.
15:00 of 1st period - Shot Misses the Net.
15:18 of 1st period - Slapshot by Mike Green.
15:18 of 1st period - Shot Misses the Net.
15:24 of 1st period - Slapshot by Phil Kessel.
15:24 of 1st period - Shot Blocked by Ladislav Smid.
15:42 of 1st period - Backhand shot by Cody Hodgson.
15:42 of 1st period - Stopped by Ville Husso with a rebound.
15:48 of 1st period - Blake Pietila is hit by Kris Versteeg and loses puck.
16:35 of 1st period - Slapshot by Danny DeKeiser.
16:35 of 1st period - Shot Blocked by Mike Green.
16:50 of 1st period - Minor Penalty to Aleksander Barkov for Holding.
16:51 of 1st period - Nicklas Backstrom wins face-off versus Miro Aaltonen in Panthers zone.
17:23 of 1st period - Wrist shot by Bobby Ryan.
17:23 of 1st period - Stopped by Ville Husso without a rebound.
17:24 of 1st period - Miro Aaltonen wins face-off versus Cody Hodgson in Panthers zone.
17:37 of 1st period - Danny DeKeiser is hit by Bobby Ryan and loses puck.
17:44 of 1st period - Miro Aaltonen is hit by Cody Hodgson and loses puck.
18:02 of 1st period - Colten Teubert is hit by Ladislav Smid and loses puck.
18:29 of 1st period - Derick Brassard is hit by Patrick Kane and loses puck.
18:42 of 1st period - Nicklas Backstrom is hit by Dominik Kahun and loses puck.
18:50 of 1st period - Penalty to Aleksander Barkov is over, Aleksander Barkov is back on ice.
19:24 of 1st period - Brandon Burlon is hit by Matt Duchene and loses puck.
Goals for this period are 0 for Capitals vs 0 for Panthers.
Shots for this period are 3 for Capitals vs 6 for Panthers.
2nd period
0:01 of 2nd period - Nicklas Backstrom wins face-off versus Matt Duchene in neutral zone.
0:18 of 2nd period - Alexei Marchenko is hit by Alex Pietrangelo and loses puck.
0:57 of 2nd period - Mike Green is hit by Matt Duchene.
1:31 of 2nd period - Wrist shot by Mike Green.
1:31 of 2nd period - Stopped by Ville Husso without a rebound.
1:32 of 2nd period - Aleksander Barkov wins face-off versus Nicklas Backstrom in Panthers zone.
2:00 of 2nd period - Minor Penalty to Bobby Ryan for Roughing.
2:01 of 2nd period - Patrick Kane wins face-off versus Aleksander Barkov in Capitals zone.
2:06 of 2nd period - Snap shot by Patrick Kane.
2:06 of 2nd period - Stopped by Ville Husso without a rebound.
2:07 of 2nd period - Aleksander Barkov wins face-off versus Patrick Kane in Panthers zone.
2:40 of 2nd period - Wrist shot by Marko Dano.
2:40 of 2nd period - Stopped by Ville Husso without a rebound.
2:41 of 2nd period - Nicklas Backstrom wins face-off versus Drake Batherson in Panthers zone.
2:42 of 2nd period - Wrist shot by Marko Dano.
2:42 of 2nd period - Stopped by Ville Husso with a rebound.
3:22 of 2nd period - Snap shot by Taylor Hall.
3:22 of 2nd period - Stopped by Ville Husso without a rebound.
3:23 of 2nd period - Patrick Kane wins face-off versus Matt Duchene in Panthers zone.
3:33 of 2nd period - Slapshot by Nikita Kucherov.
3:33 of 2nd period - Shot Blocked by Brandon Gormley.
3:35 of 2nd period - Snap shot by Matt Duchene.
3:35 of 2nd period - Shot Blocked by Alexei Marchenko.
3:45 of 2nd period - Wrist shot by Drake Batherson.
3:45 of 2nd period - Deflect By Pavel Buchnevich.
3:45 of 2nd period - Shot Misses the Net.
3:45 of 2nd period - Puck is out of play.
3:46 of 2nd period - Patrick Kane wins face-off versus Aleksander Barkov in Capitals zone.
4:00 of 2nd period - Penalty to Bobby Ryan is over, Bobby Ryan is back on ice.
4:07 of 2nd period - Snap shot by Matt Duchene.
4:07 of 2nd period - Stopped by Cory Schneider with a rebound.
4:11 of 2nd period - Snap shot by Matt Duchene.
4:11 of 2nd period - Shot Blocked by Shea Theodore.
4:13 of 2nd period - Slapshot by Griffin Reinhart.
4:13 of 2nd period - Stopped by Cory Schneider without a rebound.
4:14 of 2nd period - Aleksander Barkov wins face-off versus Nicklas Backstrom in Capitals zone.
4:27 of 2nd period - Snap shot by Drake Batherson.
4:27 of 2nd period - Shot Misses the Net.
4:47 of 2nd period - Icing by Brandon Gormley.
4:48 of 2nd period - Nicklas Backstrom wins face-off versus Nikita Kucherov in Capitals zone.
5:02 of 2nd period - Minor Penalty to Derick Brassard for High sticking.
5:03 of 2nd period - Cody Hodgson wins face-off versus Aleksander Barkov in Panthers zone.
5:15 of 2nd period - Wrist shot by Marko Dano.
5:15 of 2nd period - Goal by Marko Dano - Capitals : 1 - Panthers : 0.
5:16 of 2nd period - Nicklas Backstrom wins face-off versus Matt Duchene in neutral zone.
5:43 of 2nd period - Alex Pietrangelo is hit by Bobby Ryan and loses puck.
5:50 of 2nd period - Snap shot by Marko Dano.
5:50 of 2nd period - Shot Blocked by Alex Pietrangelo.
6:04 of 2nd period - Cody Hodgson is hit by Danny DeKeiser and loses puck.
6:10 of 2nd period - Icing by Blake Pietila.
6:11 of 2nd period - Matt Duchene wins face-off versus Cody Hodgson in Capitals zone.
6:28 of 2nd period - Wrist shot by Cody Hodgson.
6:28 of 2nd period - Shot Blocked by Danny DeKeiser.
6:40 of 2nd period - Snap shot by Drake Batherson.
6:40 of 2nd period - Stopped by Cory Schneider with a rebound.
6:42 of 2nd period - Slapshot by Griffin Reinhart.
6:42 of 2nd period - Shot Misses the Net.
7:52 of 2nd period - Snap shot by Matt Duchene.
7:52 of 2nd period - Shot Misses the Net.
7:54 of 2nd period - Wrist shot by Matt Duchene.
7:54 of 2nd period - Shot Misses the Net.
7:56 of 2nd period - Wrist shot by Matt Duchene.
7:56 of 2nd period - Stopped by Cory Schneider without a rebound.
7:57 of 2nd period - Nicklas Backstrom wins face-off versus Aleksander Barkov in Capitals zone.
8:29 of 2nd period - Snap shot by Bobby Ryan.
8:29 of 2nd period - Deflect By Nikita Kucherov.
8:29 of 2nd period - Shot Misses the Net.
8:29 of 2nd period - Puck is out of play.
8:30 of 2nd period - Joe Colborne wins face-off versus Nikita Kucherov in Panthers zone.
8:31 of 2nd period - Wrist shot by Marko Dano.
8:31 of 2nd period - Shot Misses the Net.
8:33 of 2nd period - Wrist shot by Brandon Gormley.
8:33 of 2nd period - Shot Blocked by Derick Brassard.
8:41 of 2nd period - Slapshot by Marko Dano.
8:41 of 2nd period - Stopped by Ville Husso with a rebound.
8:43 of 2nd period - Snap shot by Bobby Ryan.
8:43 of 2nd period - Stopped by Ville Husso without a rebound.
8:44 of 2nd period - Matt Duchene wins face-off versus Nicklas Backstrom in Panthers zone.
9:23 of 2nd period - Icing by Alexei Marchenko.
9:24 of 2nd period - Aleksander Barkov wins face-off versus Cody Hodgson in Capitals zone.
9:46 of 2nd period - Wrist shot by Cody Hodgson.
9:46 of 2nd period - Shot Misses the Net.
9:48 of 2nd period - Slapshot by Alexei Marchenko.
9:48 of 2nd period - Goal by Alexei Marchenko - Capitals : 2 - Panthers : 0.
9:49 of 2nd period - Nicklas Backstrom wins face-off versus Matt Duchene in neutral zone.
10:16 of 2nd period - Mike Green is hit by Kris Versteeg and loses puck.
10:29 of 2nd period - Wrist shot by Kris Versteeg.
10:29 of 2nd period - Shot Misses the Net.
10:43 of 2nd period - Snap shot by Aleksander Barkov.
10:43 of 2nd period - Goal by Aleksander Barkov - Capitals : 2 - Panthers : 1.
10:44 of 2nd period - Matt Duchene wins face-off versus Joe Colborne in neutral zone.
10:57 of 2nd period - Wrist shot by Nikita Kucherov.
10:57 of 2nd period - Stopped by Cory Schneider with a rebound.
10:59 of 2nd period - Slapshot by Alex Pietrangelo.
10:59 of 2nd period - Deflect By Bobby Ryan.
10:59 of 2nd period - Stopped by Cory Schneider with a rebound.
11:01 of 2nd period - Snap shot by Niklas Hansson.
11:01 of 2nd period - Deflect By Matt Duchene.
11:01 of 2nd period - Stopped by Cory Schneider with a rebound.
11:15 of 2nd period - Snap shot by Miro Aaltonen.
11:15 of 2nd period - Stopped by Cory Schneider without a rebound.
11:16 of 2nd period - Nicklas Backstrom wins face-off versus Kris Versteeg in Capitals zone.
11:29 of 2nd period - Wrist shot by Jimmy Vesey.
11:29 of 2nd period - Stopped by Cory Schneider with a rebound.
11:31 of 2nd period - Slapshot by Danny DeKeiser.
11:31 of 2nd period - Shot Misses the Net.
11:33 of 2nd period - Slapshot by Danny DeKeiser.
11:33 of 2nd period - Stopped by Cory Schneider with a rebound.
11:35 of 2nd period - Snap shot by Kris Versteeg.
11:35 of 2nd period - Stopped by Cory Schneider with a rebound.
11:37 of 2nd period - Wrist shot by Jimmy Vesey.
11:37 of 2nd period - Stopped by Cory Schneider without a rebound.
11:38 of 2nd period - Matt Duchene wins face-off versus Joe Colborne in Capitals zone.
11:45 of 2nd period - Wrist shot by Matt Duchene.
11:45 of 2nd period - Stopped by Cory Schneider without a rebound.
11:46 of 2nd period - Matt Duchene wins face-off versus Joe Colborne in Capitals zone.
11:57 of 2nd period - Snap shot by Marko Dano.
11:57 of 2nd period - Goal by Marko Dano - Capitals : 3 - Panthers : 1.
11:58 of 2nd period - Nicklas Backstrom wins face-off versus Matt Duchene in neutral zone.
12:00 of 2nd period - Off-side.
12:01 of 2nd period - Nicklas Backstrom wins face-off versus Matt Duchene in neutral zone.
12:16 of 2nd period - Snap shot by Patrick Kane.
12:16 of 2nd period - Shot Misses the Net.
12:18 of 2nd period - Wrist shot by Nicklas Backstrom.
12:18 of 2nd period - Deflect By Patrick Kane.
12:18 of 2nd period - Shot Blocked by Alex Pietrangelo.
12:18 of 2nd period - Puck is out of play.
12:19 of 2nd period - Joe Colborne wins face-off versus Aleksander Barkov in Panthers zone.
12:30 of 2nd period - Slapshot by Joe Colborne.
12:30 of 2nd period - Shot Blocked by Aleksander Barkov.
12:30 of 2nd period - Aleksander Barkov from Panthers is injured at 12:30 of 2nd period (Left Knee).
12:31 of 2nd period - Matt Duchene wins face-off versus Nicklas Backstrom in Panthers zone.
12:38 of 2nd period - Slapshot by Matt Duchene.
12:38 of 2nd period - Stopped by Cory Schneider without a rebound.
12:39 of 2nd period - Nicklas Backstrom wins face-off versus Matt Duchene in Capitals zone.
12:39 of 2nd period - Nicklas Backstrom is hit by Matt Duchene.
12:49 of 2nd period - Brandon Gormley is hit by Nikita Kucherov and loses puck.
12:57 of 2nd period - Minor Penalty to Niklas Hansson for Tripping.
12:58 of 2nd period - Miro Aaltonen wins face-off versus Nicklas Backstrom in Panthers zone.
13:14 of 2nd period - Slapshot by Alexei Marchenko.
13:14 of 2nd period - Stopped by Ville Husso without a rebound.
13:15 of 2nd period - Nicklas Backstrom wins face-off versus Miro Aaltonen in Panthers zone.
14:07 of 2nd period - Bobby Ryan is hit by Radim Simek and loses puck.
14:57 of 2nd period - Penalty to Niklas Hansson is over, Niklas Hansson is back on ice.
15:01 of 2nd period - Wrist shot by Danny DeKeiser.
15:01 of 2nd period - Shot Misses the Net.
15:14 of 2nd period - Jeff Skinner is hit by Derick Brassard and loses puck.
15:29 of 2nd period - Colten Teubert is hit by Alex Pietrangelo and loses puck.
16:38 of 2nd period - Danny DeKeiser is hit by Jeff Skinner and loses puck.
16:43 of 2nd period - Snap shot by Jeff Skinner.
16:43 of 2nd period - Deflect By Sergey Kalinin.
16:43 of 2nd period - Stopped by Ville Husso with a rebound.
16:49 of 2nd period - Mike Green is hit by Danny DeKeiser and loses puck.
16:57 of 2nd period - Icing by Mike Green.
16:58 of 2nd period - Matt Duchene wins face-off versus Sergey Kalinin in Capitals zone.
17:09 of 2nd period - Pavel Buchnevich is hit by Jeff Skinner and loses puck.
17:22 of 2nd period - Shea Theodore is hit by Ladislav Smid and loses puck.
17:39 of 2nd period - Minor Penalty to Kris Versteeg for High sticking.
17:40 of 2nd period - Miro Aaltonen wins face-off versus Nicklas Backstrom in Panthers zone.
19:39 of 2nd period - Penalty to Kris Versteeg is over, Kris Versteeg is back on ice.
19:51 of 2nd period - Backhand shot by Jeff Skinner.
19:51 of 2nd period - Shot Blocked by Niklas Hansson.
19:53 of 2nd period - Slapshot by Colten Teubert.
19:53 of 2nd period - Stopped by Ville Husso without a rebound.
19:54 of 2nd period - Sergey Kalinin wins face-off versus Nikita Kucherov in Panthers zone.
Goals for this period are 3 for Capitals vs 1 for Panthers.
Shots for this period are 13 for Capitals vs 15 for Panthers.
3rd period
0:01 of 3rd period - Matt Duchene wins face-off versus Nicklas Backstrom in neutral zone.
0:12 of 3rd period - Snap shot by Patrick Kane.
0:12 of 3rd period - Stopped by Ville Husso with a rebound.
0:14 of 3rd period - Slapshot by Brandon Gormley.
0:14 of 3rd period - Deflect By Alex Pietrangelo.
0:14 of 3rd period - Stopped by Ville Husso without a rebound.
0:15 of 3rd period - Nikita Kucherov wins face-off versus Joe Colborne in Panthers zone.
0:19 of 3rd period - Off-side.
0:20 of 3rd period - Joe Colborne wins face-off versus Nikita Kucherov in neutral zone.
0:23 of 3rd period - Slapshot by Alexei Marchenko.
0:23 of 3rd period - Stopped by Ville Husso without a rebound.
0:24 of 3rd period - Nikita Kucherov wins face-off versus Marko Dano in Panthers zone.
0:40 of 3rd period - Minor Penalty to Bobby Ryan for Interference.
0:41 of 3rd period - Patrick Kane wins face-off versus Matt Duchene in Capitals zone.
2:40 of 3rd period - Penalty to Bobby Ryan is over, Bobby Ryan is back on ice.
3:20 of 3rd period - Wrist shot by Phil Kessel.
3:20 of 3rd period - Shot Misses the Net.
3:24 of 3rd period - Wrist shot by Jeff Skinner.
3:24 of 3rd period - Deflect By Phil Kessel.
3:24 of 3rd period - Stopped by Ville Husso with a rebound.
3:26 of 3rd period - Wrist shot by Jeff Skinner.
3:26 of 3rd period - Stopped by Ville Husso with a rebound.
3:28 of 3rd period - Snap shot by Jeff Skinner.
3:28 of 3rd period - Shot Blocked by Zac Rinaldo.
4:30 of 3rd period - Drake Batherson is hit by Brandon Gormley and loses puck.
4:43 of 3rd period - Kris Versteeg is hit by Blake Pietila and loses puck.
5:30 of 3rd period - Wrist shot by Blake Pietila.
5:30 of 3rd period - Shot Misses the Net.
6:09 of 3rd period - Snap shot by Patrick Kane.
6:09 of 3rd period - Deflect By Griffin Reinhart.
6:09 of 3rd period - Stopped by Ville Husso with a rebound.
6:11 of 3rd period - Snap shot by Nicklas Backstrom.
6:11 of 3rd period - Stopped by Ville Husso with a rebound.
6:36 of 3rd period - Wrist shot by Dmitrij Jaskin.
6:36 of 3rd period - Stopped by Cory Schneider with a rebound.
6:49 of 3rd period - Colten Teubert is hit by Nikita Kucherov and loses puck.
7:00 of 3rd period - Blake Pietila is hit by Kris Versteeg and loses puck.
7:29 of 3rd period - Ladislav Smid is hit by Marko Dano and loses puck.
7:50 of 3rd period - Miro Aaltonen is hit by Mike Green and loses puck.
9:06 of 3rd period - Niklas Hansson is hit by Sergey Kalinin and loses puck.
9:13 of 3rd period - Alex Pietrangelo is hit by Colten Teubert and loses puck.
9:26 of 3rd period - Niklas Hansson is hit by Taylor Hall.
9:30 of 3rd period - Nicklas Backstrom is hit by Alex Pietrangelo.
10:07 of 3rd period - Wrist shot by Marko Dano.
10:07 of 3rd period - Shot Misses the Net.
10:41 of 3rd period - Slapshot by Sergey Kalinin.
10:41 of 3rd period - Shot Misses the Net.
12:24 of 3rd period - Off-side.
12:25 of 3rd period - Matt Duchene wins face-off versus Nicklas Backstrom in neutral zone.
12:28 of 3rd period - Wrist shot by Nikita Kucherov.
12:28 of 3rd period - Shot Blocked by Alexei Marchenko.
12:30 of 3rd period - Snap shot by Radim Simek.
12:30 of 3rd period - Shot Blocked by Alexei Marchenko.
12:50 of 3rd period - Nicklas Backstrom is hit by Jimmy Vesey and loses puck.
14:22 of 3rd period - Slapshot by Blake Pietila.
14:22 of 3rd period - Goal by Blake Pietila - Capitals : 4 - Panthers : 1.
14:23 of 3rd period - Matt Duchene wins face-off versus Nicklas Backstrom in neutral zone.
14:59 of 3rd period - Slapshot by Cody Hodgson.
14:59 of 3rd period - Shot Blocked by Derick Brassard.
16:22 of 3rd period - Wrist shot by Nicolas Aube-Kubel.
16:22 of 3rd period - Stopped by Ville Husso with a rebound.
16:24 of 3rd period - Wrist shot by Cody Hodgson.
16:24 of 3rd period - Shot Misses the Net.
16:39 of 3rd period - Icing by Matt Duchene.
16:40 of 3rd period - Bobby Ryan wins face-off versus Jimmy Vesey in Panthers zone.
17:15 of 3rd period - Wrist shot by Drake Batherson.
17:15 of 3rd period - Stopped by Cory Schneider without a rebound.
17:16 of 3rd period - Nicklas Backstrom wins face-off versus Derick Brassard in Capitals zone.
17:23 of 3rd period - Slapshot by Nicklas Backstrom.
17:23 of 3rd period - Stopped by Ville Husso with a rebound.
17:25 of 3rd period - Snap shot by Patrick Kane.
17:25 of 3rd period - Shot Misses the Net.
17:27 of 3rd period - Snap shot by Taylor Hall.
17:27 of 3rd period - Shot Blocked by Nikita Kucherov.
17:52 of 3rd period - Danny DeKeiser is hit by Marko Dano and loses puck.
18:13 of 3rd period - Slapshot by Miro Aaltonen.
18:13 of 3rd period - Stopped by Cory Schneider with a rebound.
18:15 of 3rd period - Slapshot by Danny DeKeiser.
18:15 of 3rd period - Shot Blocked by Nicolas Aube-Kubel.
19:07 of 3rd period - Minor Penalty to Drake Batherson for Roughing.
19:08 of 3rd period - Nicklas Backstrom wins face-off versus Kris Versteeg in Panthers zone.
19:17 of 3rd period - Snap shot by Patrick Kane.
19:17 of 3rd period - Shot Misses the Net.
19:19 of 3rd period - Snap shot by Taylor Hall.
19:19 of 3rd period - Shot Blocked by Ladislav Smid.
19:21 of 3rd period - Slapshot by Brandon Gormley.
19:21 of 3rd period - Stopped by Ville Husso without a rebound.
19:22 of 3rd period - Nicklas Backstrom wins face-off versus Miro Aaltonen in Panthers zone.
19:29 of 3rd period - Wrist shot by Patrick Kane.
19:29 of 3rd period - Stopped by Ville Husso with a rebound.
19:31 of 3rd period - Snap shot by Patrick Kane.
19:31 of 3rd period - Shot Blocked by Kris Versteeg.
19:33 of 3rd period - Slapshot by Brandon Gormley.
19:33 of 3rd period - Stopped by Ville Husso without a rebound.
19:34 of 3rd period - Miro Aaltonen wins face-off versus Nicklas Backstrom in Panthers zone.
19:34 of 3rd period - Miro Aaltonen is hit by Alexei Marchenko.
19:48 of 3rd period - Slapshot by Brandon Gormley.
19:48 of 3rd period - Deflect By Kris Versteeg.
19:48 of 3rd period - Stopped by Ville Husso with a rebound.
19:50 of 3rd period - Slapshot by Brandon Gormley.
19:50 of 3rd period - Stopped by Ville Husso with a rebound.
Goals for this period are 1 for Capitals vs 0 for Panthers.
Shots for this period are 15 for Capitals vs 3 for Panthers.